 Dungeon Crawl Stone Soup version 0.31.0-32-g396128a36d (webtiles) character file.

Game seed: 5703395418048578707

592 gohu the Magician (level 7, 0/67 HPs)
             Began as a Djinni Fire Elementalist on Mar 17, 2024.
             Slain by a hornet (3 damage)
             ... on level 5 of the Dungeon.
             The game lasted 00:06:30 (3607 turns).

gohu the Magician (Djinni Fire Elementalist)        Turns: 3607, Time: 00:06:31

Health: 0/67       AC: 23    Str:  5 (7)  XL:     7   Next: 66%
Gold:   190        EV:  2    Int: 16 (18) God:
                   SH:  0    Dex: 13 (14)

rFire   . . .        (no weapon)
rCold   . . .        (no shield)
rNeg    . . .        a - melded +0 robe
rPois   ∞            (helmet currently unavailable)
rElec   .            b - melded +0 cloak
rCorr   .            (gloves currently unavailable)
SInv    .            (boots unavailable)
Will    +....        (no amulet)
Stlth   ++           (no ring)
HPRegen 0.31/turn    (no ring)
MPRegen 0.00/turn

%: infuse magic (-1 HP)
@: tree-form, enlightened, hasted, invisible, very quick
A: stationary, stasis, torment immunity, boosted hp, sickness immunity, (fire
resistance 2), (cold vulnerability 1), float, innate caster, HP casting, extra
vitality 1
a: no special abilities


You were on level 5 of the Dungeon.
You were a tree.
You visited 1 branch of the dungeon, and saw 5 of its levels.

You collected 300 gold pieces.
You spent 110 gold pieces at shops.

Inventory:

Armour
 a - a +0 robe (melded)
 b - a +0 cloak (melded)
Scrolls
 e - 6 scrolls of identify {unknown}
 f - a scroll of blinking {unknown}
 g - a scroll of amnesia {unknown}
 i - a scroll of vulnerability {unknown}
 j - a scroll of fog {unknown}
 k - 3 scrolls of enchant armour {unknown}
 l - a scroll of brand weapon {unknown}
 m - a scroll of teleportation {unknown}
Potions
 c - a potion of lignification
 n - a potion of invisibility


   Skills:
 - Level 2.1 Dodging
 - Level 1.5 Stealth
 + Level 6.8 Spellcasting
 + Level 6.8 Conjurations
 + Level 6.8 Hexes
 + Level 6.8 Summonings
 + Level 6.8 Necromancy
 + Level 6.8 Translocations
 + Level 6.8 Fire Magic
 + Level 6.8 Ice Magic
 + Level 6.8 Air Magic
 + Level 6.8 Earth Magic
 + Level 6.8 Alchemy


You knew the following spells:

 Your Spells              Type           Power      Damage    Failure   Level
a - Foxfire               Conj/Fire      100%       2x1d9     1%          1
b - Stone Arrow           Conj/Erth      54%        3d10      2%          3
c - Flame Wave            Conj/Fire      27%        2d9       8%          4
d - Inner Flame           Hex/Fire       27%        N/A       2%          3
e - Volatile Blastmotes   Fire/Tloc      54%        2d14      2%          3
f - Sting                 Conj/Alch      100%       1d9       1%          1
g - Static Discharge      Conj/Air       54%        3-6/arc   1%          2
h - Scorch                Fire           54%        2d7       1%          2
Your spell library was empty.

Dungeon Overview and Level Annotations

Branches:
Dungeon (5/15)
 Temple: D:4-7

Altars:
Dithmenos
The Shining One

Shops:
D:3 *


Innate Abilities, Weirdness & Mutations

You are a tree.
Your roots penetrate the ground, keeping you stationary.
You cannot be teleported.
You are immune to unholy pain and torment.
Your maximum health is greatly increased.
Your equipment is partially melded.
You are immune to sickness and miasma.
You are immune to poison.
((Your flesh is very heat resistant. (rF++)))
((You are vulnerable to cold. (rC-)))
You float through the air rather than walking.
You learn spells naturally, not from books.
Your magical power is your life essence.
You have superior vitality. (+4 MHP)


Message History

Aim: a hornet (60% to hit)
The stone arrow misses the hornet.
The hornet stings you!
Casting: Stone Arrow (safe; 1% risk of failure)
Confirm with . or Enter, or press ? or * to list all spells.
Aiming: Stone Arrow (safe; 1% risk of failure)
Press: ? - help, Shift-Dir - straight line, f/p - hornet
Aim: a hornet (60% to hit)
The stone arrow hits the hornet!!
The hornet is heavily wounded.
The hornet closely misses you. The hornet stings you!
* * * LOW HITPOINT WARNING * * *
You aren't carrying any items that you can evoke.
Casting: Stone Arrow (safe; 1% risk of failure)
Confirm with . or Enter, or press ? or * to list all spells.
Aiming: Stone Arrow (safe; 1% risk of failure)
Press: ? - help, Shift-Dir - straight line, f/p - hornet
Aim: a hornet (heavily wounded, 60% to hit)
The stone arrow misses the hornet.
* * * LOW HITPOINT WARNING * * *
The hornet barely misses you.
Casting: Stone Arrow (safe; 1% risk of failure)
Confirm with . or Enter, or press ? or * to list all spells.
You don't have enough health to cast this spell.
It was a potion of lignification.
You turn into a tree.
Your +0 cloak melds into your body.
Your +0 robe melds into your body.
Your roots penetrate the ground.
The hornet stings you but does no damage. x2
It was a potion of invisibility.
You fade into invisibility!
The hornet stings you.
* * * LOW HITPOINT WARNING * * *
It was a potion of degeneration.
There was something very wrong with that liquid.
You feel weakened.
You feel dopey.
You feel clumsy.
The hornet stings you but does no damage. x2
It was a potion of haste.
You feel yourself speed up.
The hornet stings you but does no damage.
It was a potion of enlightenment.
Your roots keep you in place.
The hornet stings you.
You die...

.# #####...# ####
#.y.....# #..#
#♣#
#.#############.#
#.##..........#.#
#...........#.#.#
####........#.#.#
####.....#.#.#
#.###.#.#.# #.#
#.#.#.# #.#
#.#.#.#


You could see a hornet (unable to see you).

Vanquished Creatures
  Sigmund (D:2)
  A black bear (D:5)
  A scorpion (D:4)
  2 bombardier beetles
  A hound (D:4)
  A sleepcap (D:4)
  An iguana (D:5)
  5 adders
  2 ribbon worms
  5 orcs (D:3)
  8 ball pythons
  10 endoplasms
  A giant cockroach (D:4)
  9 goblins
  8 hobgoblins
  2 jackals (D:2)
  5 kobolds
  A quokka (D:2)
  4 bats
  4 frilled lizards
  7 rats
79 creatures vanquished.

Vanquished Creatures (collateral kills)
  2 foxfires (D:3)
2 creatures vanquished.

Vanquished Creatures (others)
  182 foxfires
182 creatures vanquished.

Grand Total: 263 creatures vanquished

Notes
Turn   | Place    | Note
-------+----------+-------------------------------------------
     0 | D:1      | gohu the Djinni Fire Elementalist began the quest for the
                  | Orb.
     0 | D:1      | gohu set off with the following spells memorised: Foxfire,
                  | Scorch, Volatile Blastmotes, Inner Flame, Flame Wave.
     0 | D:1      | Reached XP level 1. HP: 15/15 MP: 0/0
   244 | D:1      | Reached XP level 2. HP: 20/21 MP: 0/0
   867 | D:2      | Reached XP level 3. HP: 24/25 MP: 0/0
   867 | D:2      | Learned a level 1 spell: Sting
   904 | D:2      | Noticed Sigmund
  1021 | D:2      | Found a shadowy altar of Dithmenos.
  1127 | D:2      | Reached XP level 4. HP: 20/31 MP: 0/0
  1255 | D:2      | Killed Sigmund
  1256 | D:2      | Reached skill level 5 in Spellcasting
  1256 | D:2      | Reached skill level 5 in Conjurations
  1256 | D:2      | Reached skill level 5 in Hexes
  1256 | D:2      | Reached skill level 5 in Summonings
  1256 | D:2      | Reached skill level 5 in Necromancy
  1256 | D:2      | Reached skill level 5 in Translocations
  1256 | D:2      | Reached skill level 5 in Fire Magic
  1256 | D:2      | Reached skill level 5 in Ice Magic
  1256 | D:2      | Reached skill level 5 in Air Magic
  1256 | D:2      | Reached skill level 5 in Earth Magic
  1256 | D:2      | Reached skill level 5 in Alchemy
  1256 | D:2      | Reached XP level 5. HP: 25/35 MP: 0/0
  1256 | D:2      | Learned a level 2 spell: Static Discharge
  1256 | D:2      | Reached XP level 6. HP: 28/40 MP: 0/0
  1849 | D:3      | Found Cexi's Assorted Antiques.
  1869 | D:3      | Bought a scroll labelled JOHIAFUSID for 22 gold pieces
  1869 | D:3      | Bought a scroll labelled JOHIAFUSID for 22 gold pieces
  1869 | D:3      | Bought a scroll labelled LOJOAF TUTSA for 22 gold pieces
  1869 | D:3      | Bought a scroll labelled JOHIAFUSID for 22 gold pieces
  1869 | D:3      | Bought a scroll labelled LOJOAF TUTSA for 22 gold pieces
  2104 | D:3      | Found a glowing golden altar of the Shining One.
  2570 | D:4      | Reached XP level 7. HP: 41/45 MP: 0/0
  2570 | D:4      | Learned a level 3 spell: Stone Arrow
  3287 | D:5      | Entered Level 5 of the Dungeon
  3597 | D:5      | Noticed a hornet
  3604 | D:5      | HP: 2/67 [hornet (2)]
  3607 | D:5      | Slain by a hornet

Illustrated notes

Levels and vault maps discovered:
D:1:      minmay_arrival_four_houses, layout_basic
D:2:      layout_loops_cross, basic_altar, uniq_sigmund
D:3:      layout_loops_ring, nicolae_tso_swordbearing_angel, serial_shops,
          nicolae_shop_overgrown_old_shop
D:4:      layout_cave_pods, minmay_misc_feat_rows, due_unseen_surprise
D:5:      layout_basic, mainiacjoe_overflow_alcove_2,
          hellmonk_sif_muna_bookshelves

Skill      XL: |  1  2  3  4  5  6 |
---------------+-------------------+-----
Spellcasting   | 4 5 6 |  6.8
Conjurations   | 4 5 6 |  6.8
Hexes          | 4 5 6 |  6.8
Summonings     | 4 5 6 |  6.8
Necromancy     | 4 5 6 |  6.8
Translocations | 4 5 6 |  6.8
Fire Magic     | 4 5 6 |  6.8
Ice Magic      | 4 5 6 |  6.8
Air Magic      | 4 5 6 |  6.8
Earth Magic    | 4 5 6 |  6.8
Alchemy        | 4 5 6 |  6.8
Dodging        | |  2.1
Stealth        | |  1.5

Action                     |  1- 3 |  4- 6 |  7- 9 || total
---------------------------+-------+-------+-------++-------
   Cast: Foxfire           |    48 |    45 |    24 ||   117
         Scorch            |     9 |    14 |       ||    23
         Sting             |     3 |       |       ||     3
         Volatile Blastmot |     1 |     2 |       ||     3
         Stone Arrow       |       |       |    13 ||    13
    Use: Potion            |       |       |     5 ||     5
 Armour: Robe              |     7 |     6 |     2 ||    15
         Skin              |       |       |     7 ||     7
  Dodge: Dodged            |     3 |     8 |     2 ||    13
